 Dungeon Crawl Stone Soup version 0.15.2 (webtiles) character file.

581 ztt the Firebug (level 7, -3/43 HPs)
             Began as an Octopode Fire Elementalist on Nov 6, 2014.
             Was an Initiate of Vehumet.
             Slain by a sky beast (5 damage)
             ... on Level 5 of the Dungeon.
             The game lasted 00:26:03 (6558 turns).

ztt the Firebug (Octopode Fire Elementalist)        Turns: 6558, Time: 00:26:03

HP  -3/43        AC  1     Str  5      XL: 7   Next: 36%
MP  10/17        EV 13     Int 19      God: Vehumet [......]
Gold 186         SH  0     Dex 12      Spells:  4 memorised,  2 levels left

rFire  . . .     SeeInvis .     (no weapon)
rCold  . . .     Clarity  .     (no shield)
rNeg   . . .     rCorr    .     (helmet restricted)
rPois  .         rRot     .     (no amulet)
rElec  .         Spirit   .     (no ring)
SustAb .         Warding  .     r - cursed -3 ring of strength
rMut   .         Stasis   .     (no ring)
Gourm  .                        (no ring)
MR     .....                    (no ring)
                                (no ring)
                                (no ring)
                                (no ring)

@: not resistant to hostile enchantments, fairly stealthy
A: almost no armour, amphibious, 8 rings, constrict 8, camouflage 1, gelatinous
body 1
a: Renounce Religion


You were on level 5 of the Dungeon.
You worshipped Vehumet.
Vehumet was noncommittal.
You were not hungry.

You visited 2 branches of the dungeon, and saw 6 of its levels.

You collected 186 gold pieces.

Inventory:

Magical devices
 i - a wand of digging (24)
Comestibles
 c - 7 bread rations
 g - 3 fruits
 h - a beef jerky
Scrolls
 e - a scroll of immolation
 k - a scroll of identify
 q - a scroll of teleportation
 s - a scroll of enchant armour {unknown}
Jewellery
 a - an uncursed ring of fire
 f - an uncursed amulet of faith {unknown}
 j - an uncursed ring of ice
 n - an uncursed ring of fire
 r - a cursed -3 ring of strength (right tentacle)
Potions
 d - a potion of might
 l - 3 potions of curing
 m - a potion of heal wounds
 o - a potion of brilliance {unknown}
 p - a potion of flight
Books
 b - a book of Flames

   Spells                             Type                      Level
   *Flame Tongue                      Conjuration/Fire             1
   *Throw Flame                       Conjuration/Fire             2
   Conjure Flame                      Conjuration/Fire             3
   Inner Flame                        Hexes/Fire                   3
   *Sticky Flame                      Conjuration/Fire             4
   *Fireball                          Conjuration/Fire             5


   Skills:
 + Level 1.4 Fighting
 + Level 3.0 Dodging
 + Level 3.9 Stealth
 + Level 0.2 Unarmed Combat
 + Level 4.3 Spellcasting
 + Level 2.8 Conjurations
 + Level 5.2 Fire Magic


You had 2 spell levels left.
You knew the following spells:

 Your Spells              Type           Power        Failure   Level  Hunger
a - Flame Tongue          Conj/Fire      ###..        2%          1    None
b - Throw Flame           Conj/Fire      ###...       4%          2    #......
c - Sticky Flame          Conj/Fire      ###.....     28%         4    ####...
d - Fireball              Conj/Fire      ###.......   75%         5    #####..


Dungeon Overview and Level Annotations

Branches:
Dungeon (5/15)             Temple (1/1) D:5

Altars:
Cheibriados
Dithmenos
Elyvilon
Fedhas
Kikubaaqudgha
Makhleb
Okawaru
Qazlal
Sif Muna
Vehumet
Xom
Yredelemnul
The Shining One

Annotations:
D:5 Dowan, Duvessa


Innate Abilities, Weirdness & Mutations

You cannot wear most types of armour.
You are amphibious.
You can wear up to eight rings at the same time.
You can use your tentacles to constrict many enemies at once.
Your skin changes colour to match your surroundings (Stealth).
Your rubbery body absorbs attacks (AC +1).


Message History

Aiming: Flame Tongue
Press: ? - help, Shift-Dir - straight line Something hits you.
Something shocks you.
* * * LOW HITPOINT WARNING * * *
Casting: Flame Tongue
Confirm with . or Enter, or press ? or * to list all spells.
Aiming: Flame Tongue
Press: ? - help, Shift-Dir - straight line Something hits you.
* * * LOW HITPOINT WARNING * * *
Something shocks you.
* * * LOW HITPOINT WARNING * * *
Casting: Flame Tongue
Confirm with . or Enter, or press ? or * to list all spells.
Aiming: Flame Tongue
Press: ? - help, Shift-Dir - straight line Something hits you.
* * * LOW HITPOINT WARNING * * *
Something shocks you.
You die...

###### ######### ###### #....#
#.......###### .#...# #...@#
#.......'....) .'...# #...{#
#.......#....# .#...# #....#
#.......#...## ##..####
#....###.......#...## ##.....#
##..........#'##..... .#....##
#..........'........ .'....#
#..........#'##..... )#....#
#.........{...##'###
##...#########.#+####'##...#...##


There were no monsters in sight!

Vanquished Creatures
  2 ogres
  The ghost of gabygaby the Sneak, a weakling SpEn (D:3)
  A crimson imp (D:5)
  A jelly (D:5)
  An iguana (D:4)
  A worker ant (D:5)
  Ijyb (D:5)
  A hound skeleton (D:4)
  Terence (D:2)
  7 adders
  A giant mite (D:3)
  2 worms
  3 giant geckos
  3 oozes
  11 orcs
  A ball python (D:3)
  11 bats
  2 bat skeletons
  14 hobgoblins
  10 jackals
  2 quokkas
  4 giant cockroaches
  4 giant newts
  11 goblins
  11 kobolds
  2 orc skeletons (D:4)
  A quokka skeleton (D:5)
  13 rats
  A rat skeleton (D:4)
124 creatures vanquished.

Notes
Turn   | Place    | Note
--------------------------------------------------------------
     0 | D:1      | ztt, the Octopode Fire Elementalist, began the quest for the Orb.
     0 | D:1      | Reached XP level 1. HP: 11/11 MP: 3/3
   166 | D:1      | Reached XP level 2. HP: 17/17 MP: 2/4
   412 | D:1      | Learned a level 2 spell: Throw Flame
   792 | D:1      | Reached XP level 3. HP: 21/21 MP: 1/6
   866 | D:1      | Noticed an orc warrior
   966 | D:2      | Noticed Terence
   993 | D:2      | Killed Terence
  1281 | D:2      | Reached XP level 4. HP: 9/27 MP: 1/8
  1361 | D:2      | Learned a level 4 spell: Sticky Flame
  1581 | D:2      | Reached skill level 4 in Fire Magic
  2513 | D:3      | Noticed gabygaby's ghost (weakling SpEn)
  2520 | D:3      | Killed gabygaby's ghost
  2520 | D:3      | Reached XP level 5. HP: 32/32 MP: 7/11
  2568 | D:3      | Found a shimmering altar of Xom.
  2751 | D:3      | Reached skill level 1 in Fighting
  3069 | D:3      | Found a deep blue altar of Sif Muna.
  3364 | D:3      | Found a blossoming altar of Fedhas.
  3365 | D:3      | Found a burning altar of Makhleb.
  3659 | D:4      | Found a burning altar of Makhleb.
  3747 | D:4      | Noticed an ogre
  3754 | D:4      | Killed an ogre
  3754 | D:4      | Reached XP level 6. HP: 38/38 MP: 5/14
  4738 | D:5      | Entered Level 5 of the Dungeon
  4745 | D:5      | Noticed Ijyb
  4751 | D:5      | Killed Ijyb
  4751 | D:5      | Reached skill level 5 in Fire Magic
  4802 | D:5      | Reached XP level 7. HP: 43/43 MP: 10/17
  4868 | D:5      | Learned a level 5 spell: Fireball
  4896 | D:5      | Noticed Dowan
  4903 | D:5      | Noticed Duvessa
  5352 | D:5      | Found a staircase to the Ecumenical Temple.
  5361 | Temple   | Entered the Ecumenical Temple
  5529 | Temple   | Became a worshipper of Vehumet
  6558 | D:5      | HP: 2/43 [something (1)]
  6558 | D:5      | Slain by a sky beast

Action                   |  1- 3 |  4- 6 |  7- 9 || total
-------------------------+-------+-------+-------++-------
Melee: Unarmed           |     5 |     8 |    18 ||    31
 Cast: Flame Tongue      |    58 |   171 |    41 ||   270
       Throw Flame       |       |       |    11 ||    11
       Sticky Flame      |       |       |     5 ||     5
Evoke: Wand              |     1 |       |       ||     1
  Use: Scroll            |     1 |    13 |     2 ||    16
 Stab: Sleeping          |       |       |     1 ||     1
  Eat: Chunk             |     1 |    10 |     2 ||    13
       Fruit             |       |     1 |       ||     1
       Meat ration       |       |       |     1 ||     1
